 Dungeon Crawl Stone Soup version 0.25-a0-834-g55863b0b92 (webtiles) character file.

Game seed: 12020496440014402096, levelgen mode: deterministic

15 Lavandula the Slasher (level 2, 0/16 HPs)
             Began as a Vine Stalker Chaos Knight on Apr 23, 2020.
             Was a Plaything of Xom.
             Slain by an adder (3 damage)
             ... on level 2 of the Dungeon.
             The game lasted 00:00:49 (207 turns).

Lavandula the Slasher (Vine Stalker Chaos Knight)    Turns: 207, Time: 00:00:50

Health: 0/16       AC:  5    Str: 14    XL:     2   Next: 50%
Magic:  0/3        EV: 11    Int: 12    God:    Xom [..*...]
Gold:   25         SH:  0    Dex: 13    Spells: 1/1 levels left

rFire    . . .     SeeInvis .   a - +0 falchion (chaos)
rCold    . . .     Gourm    .   (no shield)
rNeg     . . .     Faith    .   b - +2 leather armour
rPois    .         Spirit   +   (no helmet)
rElec    .         Reflect  .   (no cloak)
rCorr    .         Harm     .   (no gloves)
MR       .....                  (no boots)
Stlth    +.........             (no amulet)
HPRegen  0.05/turn              (no ring)
MPRegen  0.08/turn              (no ring)

@: lethally poisoned (0 -> -11)
A: fangs 2, magic shield, antimagic bite, no potion heal 3, rot immunity
a: Renounce Religion


You were on level 2 of the Dungeon.
You worshipped Xom.
You were a toy of Xom.
You were not hungry.

You visited 1 branch of the dungeon, and saw 2 of its levels.

You collected 25 gold pieces.

Inventory:

Hand Weapons
 a - a +0 falchion of chaos (weapon)
Armour
 b - a +2 leather armour (worn)
Scrolls
 d - a scroll of fear {unknown}
 e - a scroll of teleportation {unknown}
Potions
 f - a potion of brilliance {unknown}
Comestibles
 c - 2 rations


   Skills:
 - Level 2.6 Fighting
 + Level 3.4 Long Blades
 - Level 1.5 Armour
 - Level 0.7 Dodging


You had one spell level left.
You didn't know any spells.
Your spell library was empty.

Dungeon Overview and Level Annotations

Branches:
Dungeon (2/15)

Altars:


Innate Abilities, Weirdness & Mutations

You have extremely sharp teeth.
When hurt, damage is shared between your health and your magic reserves.
Your bite disrupts and absorbs the magic of your enemies.
Potions cannot restore your health.
You are immune to rotting.


Message History

The worm bites you but does no damage.
You slash the worm! You freeze the worm.
You kill the worm!
You barely miss the adder. The adder bites you.
You barely miss the adder. The adder bites you.
You are poisoned.
The adder poisons you! The adder bites you.
You are more poisoned.
The adder poisons you!
You barely miss the adder.
You feel sick. The adder bites you but does no damage.
Unknown command.
You closely miss the adder.
You feel sick. The adder bites you.
* * * LOW HITPOINT WARNING * * *
The adder completely misses you.
Unknown command.
You miss the adder. Your bite misses the adder.
* * * LOW HITPOINT WARNING * * *
You feel sick. The adder bites you.
You die...

...... #..########
......## #..........
S......#####.#########
#.(.........#
#...........#
#...........#
####...........#
...........###.#
..%....@...# #.#
......S.....##.#
..........#.# .# ####
..........#..# #...
..........##.# #.##
..........#
...######.##
..........#
#...........
.......####
..######.## .######.##


You could see an adder.

Vanquished Creatures
  A worm (D:2)
  3 goblins
  A hobgoblin (D:1)
  3 kobolds
  2 bats
  2 frilled lizards
12 creatures vanquished.

Notes
Turn   | Place    | Note
-------+----------+-------------------------------------------
     0 | D:1      | Lavandula the Vine Stalker Chaos Knight began the quest for
                  | the Orb.
     0 | D:1      | Reached XP level 1. HP: 11/11 MP: 2/2
    39 | D:1      | XOM: silly message
    46 | D:1      | Reached skill level 3 in Long Blades
    70 | D:2      | Reached XP level 2. HP: 13/16 MP: 1/3
   207 | D:2      | Slain by an adder

Levels and vault maps discovered:
D:1:      psy_arrival_heroes, layout_basic
D:2:      layout_basic

Skill      XL: |  1 |
---------------+----+-----
Long Blades    | 3 |  3.4
Fighting       | |  2.6
Armour         | |  1.5
Dodging        | |  0.7

Action                   || total
-------------------------++-------
Melee: Falchion          ||    23
       Bite              ||     5
 Stab: Sleeping          ||     1
Armor: Leather armour    ||     6
Dodge: Dodged            ||    10
       Rpst.: Falchion   ||     1

Table legend:
 A = Non-vault XP
 B = Vault XP
 C = Vault XP percentage of total XP
 D = Non-vault monster count
 E = Vault monster count
 F = Vault count percentage of total count
                 A         B        C        D         E       F
            +---------+---------+-------+---------+---------+-------
      Total |      22 |       0 |   0.0 |      12 |       0 |   0.0
            +---------+---------+-------+---------+---------+-------
        D:1 |      12 |       0 |   0.0 |       7 |       0 |   0.0
        D:2 |      10 |       0 |   0.0 |       5 |       0 |   0.0
            +---------+---------+-------+---------+---------+-------
